 Dungeon Crawl Stone Soup version 0.25-a0-189-gf71692caf1 (webtiles) character file.

Game seed: 2106742387797851537, levelgen mode: classic

86 EnegeticOcto the Skirmisher (level 4, -8/37 HPs)
             Began as a Mummy Berserker on Nov 29, 2019.
             Was a Believer of Trog.
             Killed by divine providence
             ... invoked by an orc priest
              (13 damage)
             ... on level 3 of the Dungeon.
             The game lasted 00:03:01 (2724 turns).

EnegeticOcto the Skirmisher (Mummy Berserker)       Turns: 2724, Time: 00:03:02

Health: -8/37      AC: 11    Str: 22    XL:     4   Next: 26%
Magic:  4/4        EV:  3    Int:  6    God:    Trog [**....]
Gold:   109        SH:  7    Dex: 12    Spells: 3/3 levels left

rFire    x . .     SeeInvis .   c - +3 dagger (venom)
rCold    + . .     Gourm    .   g - +0 shield
rNeg     + + +     Faith    .   k - +0 plate armour
rPois    ∞         Spirit   .   (no helmet)
rElec    .         Reflect  .   (no cloak)
rCorr    .         Harm     .   (no gloves)
MR       ++...                  b - +0 pair of boots
Stlth    ..........             (no amulet)
HPRegen  1.12/turn              f - +2 ring of strength
MPRegen  0.09/turn              e - ring of flight

@: regenerating
A: no food or potions, fire vulnerability, cold resistance 1, negative energy
resistance 3, torment resistance, unbreathing
a: Trog's Hand, Renounce Religion, Evoke Flight


You were on level 3 of the Dungeon.
You worshipped Trog.
Trog was pleased with you.
You were not hungry.

You visited 1 branch of the dungeon, and saw 3 of its levels.

You collected 109 gold pieces.

Inventory:

Hand Weapons
 a - a +0 falchion
 c - a +3 dagger of venom (weapon)
Missiles
 h - 10 boomerangs (quivered)
Armour
 b - a +0 pair of boots (worn)
 g - a +0 shield (worn)
 k - a +0 plate armour (worn)
Jewellery
 e - a ring of flight (right hand)
 f - a +2 ring of strength (left hand)
Scrolls
 d - a scroll of magic mapping {@r5 !r}
 i - 2 scrolls of remove curse {@r2}


   Skills:
 + Level 3.7 Fighting
 * Level 3.7 Long Blades
 - Level 1.5 Armour
 - Level 1.5 Dodging
 * Level 0.2 Shields


You had 3 spell levels left.
You didn't know any spells.
Your spell library was empty.

Dungeon Overview and Level Annotations

Branches:
Dungeon (3/15)

Altars:
Gozag
Hepliaklqana


Innate Abilities, Weirdness & Mutations

You do not eat or drink.
Your flesh is vulnerable to fire.
You are immune to poison.
Your flesh is cold resistant. (rC+)
You are immune to negative energy. (rN+++)
You are immune to unholy pain and torment.
You can survive without breathing.


Message History

You see here a shield.
g - a shield You start putting on your armour.
You continue putting on your shield. x4
You finish putting on your +0 shield.
Setting a skill training target for Shields at 15.0.
j - a scroll labeled LAG ZAUDUEXZE You see here 5 stones.
You see here a stone.
You see here a stone.
Found a runed robe.
You see here a runed robe.
h - 10 boomerangs (gained 8)
You see here a runed robe.
A bat comes into view.
A bat is nearby!
You block the bat's attack.
You hit the bat.
You kill the bat!
Trog accepts your kill.
No target in view!
No target in view!
No target in view!
No target in view!
No target in view!
No target in view!
No target in view!
No target in view!
No target in view!
No target in view!
No target in view!
No target in view!
You see here a bat corpse.
There is a stone staircase leading up here.
You see here a scroll of amnesia.
Done exploring.
Done exploring.
Done exploring.
Done exploring.
Search for what [Enter for "."]? .
(D) Dungeon
Where to? (Enter - D:2, ? - help)
There is a stone staircase leading down here.
You climb downwards.
An adder comes into view.
The adder hisses angrily.
There is a stone staircase leading up here.
You block the adder's attack.
You closely miss the adder. You block the adder's attack.
The adder barely misses you.
Your shield and plate armour prevent you from hitting the adder.
The adder bites you but does no damage.
You hit the adder.
The adder is heavily wounded.
The adder bites you.
You hit the adder.
The adder is poisoned.
The adder is almost dead.
You kill the adder!
Trog accepts your kill.
No target in view!
No target in view!
No target in view!
No target in view!
No target in view!
No target in view!
No target in view!
No target in view!
No target in view!
No target in view!
No target in view!
HP restored.
You see here an adder corpse.
An orc, an orc warrior, an orc priest and an orc wizard come into view.
The orc warrior is wielding a +3 long sword of electrocution.
The orc warrior shouts!
The orc wizard shouts!
The orc shouts!
The orc priest mumbles some strange prayers to Beogh against you.
Beogh smites you!
The orc moves out of view.
There are monsters nearby!
There are monsters nearby!
There are monsters nearby!
As you read the scroll labeled LAG ZAUDUEXZE, it crumbles to dust.
It is a scroll of enchant weapon.
Your +2 dagger of venom glows red for a moment.
The orc priest invokes the aid of Beogh against you.
Beogh smites you!
Your skin crawls.
You feel resistant to hostile enchantments.
The orc priest calls down the wrath of Beogh upon you.
Beogh smites you!
* * * LOW HITPOINT WARNING * * *
You hit the orc priest.
The orc priest is moderately wounded.
You block the orc priest's attack.
You hit the orc priest.
The orc priest is heavily wounded.
The orc priest hits you but does no damage.
You hit the orc priest.
The orc priest is poisoned.
The orc priest is almost dead.
The orc priest calls down the wrath of Beogh upon you.
Beogh smites you!
You die...

#.# ### ...
#<### #.# #.#.#
#####.###.#.###
o.............#
#o###.##.†..###
#. #.......#
#.###.#..#..#
#oo@..#.....#
#######.##.##
#.....# #######


You could see an orc warrior and an orc priest.

Vanquished Creatures
  3 adders
  An ooze (D:1)
  A worm (D:2)
  2 dart slugs (D:1)
  A leopard gecko (D:1)
  A giant cockroach (D:2)
  5 goblins
  5 hobgoblins
  6 jackals
  5 kobolds
  A ball python (D:1)
  6 bats
  3 frilled lizards (D:2)
  7 rats
47 creatures vanquished.

Notes
Turn   | Place    | Note
-------+----------+-------------------------------------------
     0 | D:1      | EnegeticOcto the Mummy Berserker began the quest for the
                  | Orb.
     0 | D:1      | Reached XP level 1. HP: 18/18 MP: 1/1
   261 | D:1      | Reached XP level 2. HP: 8/24 MP: 2/2
  1212 | D:1      | Reached XP level 3. HP: 29/29 MP: 3/3
  1749 | D:2      | Found a hazy altar of Hepliaklqana.
  1786 | D:2      | Reached ** piety under Trog
  2343 | D:2      | Found an opulent altar of Gozag.
  2365 | D:2      | Reached XP level 4. HP: 26/37 MP: 4/4
  2716 | D:3      | Noticed an orc warrior
  2720 | D:3      | HP: 1/37 [orc priest/divine providence (14)]
  2724 | D:3      | Killed from afar by an orc priest

Levels and vault maps discovered:
D:1:      dpeg_arrival_leaves_temple_mockup, layout_basic, chequers_arboretum
D:2:      layout_basic, old_standard_altar, overflow_temple_1_default,
          minmay_tromino_v4_c
D:3:      kennysheep_big_flooded_room, layout_basic, marbit_many_paths

Skill      XL: |  1  2 |
---------------+-------+-----
Long Blades    | 3 |  3.7
Fighting       | |  3.7
Armour         | |  1.5
Dodging        | |  1.5
Shields        | |  0.2

Action                   |  1- 3 |  4- 6 || total
-------------------------+-------+-------++-------
Melee: Dagger            |   126 |     8 ||   134
Invok: Trog's Hand       |       |     1 ||     1
  Use: Scroll            |     3 |     1 ||     4
Armor: Animal skin       |    14 |       ||    14
       Ring mail         |    35 |       ||    35
       Plate armour      |     6 |     2 ||     8
Dodge: Dodged            |    75 |     1 ||    76
Block: Shield            |       |     4 ||     4

Table legend:
 A = Non-vault XP
 B = Vault XP
 C = Vault XP percentage of total XP
 D = Non-vault monster count
 E = Vault monster count
 F = Vault count percentage of total count
                 A         B        C        D         E       F
            +---------+---------+-------+---------+---------+-------
      Total |     120 |       3 |   2.4 |      45 |       2 |   4.3
            +---------+---------+-------+---------+---------+-------
        D:1 |      49 |       0 |   0.0 |      23 |       0 |   0.0
        D:2 |      58 |       3 |   4.9 |      21 |       2 |   8.7
        D:3 |      13 |       0 |   0.0 |       1 |       0 |   0.0
            +---------+---------+-------+---------+---------+-------
